 Dungeon Crawl Stone Soup version 0.27-a0-1060-gcb85b5eba1 (webtiles) character file.

Game seed: 13293487588454129675

455 sizableburger the Chucker (level 6, -4/49 HPs)
             Began as a Mummy Hunter on Apr 22, 2021.
             Slain by a black bear (6 damage)
             ... on level 4 of the Dungeon.
             The game lasted 00:09:20 (3443 turns).

sizableburger the Chucker (Mummy Hunter)            Turns: 3443, Time: 00:09:20

Health: -4/49      AC:  4    Str: 18    XL:     6   Next: 76%
Magic:  6/6        EV: 11    Int: 10    God:
Gold:   189        SH:  0    Dex: 12    Spells: 5/5 levels left

rFire    x . .     SeeInvis .   o - +0 flail
rCold    + . .     Faith    .   (no shield)
rNeg     + + +     Spirit   .   b - +0 leather armour
rPois    ∞         Reflect  .   (no helmet)
rElec    .         Harm     .   e - +0 cloak
rCorr    .         Rampage  .   (no gloves)
Will     .....                  (no boots)
Stlth    +.........             m - amulet of regeneration
HPRegen  1.16/turn              (no ring)
MPRegen  0.10/turn              (no ring)

@: no status effects
A: cold resistance 1, negative energy resistance 3, torment resistance 2,
unbreathing 1, heat vulnerability 1, no potions
a: no special abilities


You were on level 4 of the Dungeon.
You visited 1 branch of the dungeon, and saw 4 of its levels.

You collected 189 gold pieces.

Inventory:

Hand Weapons
 a - a +0 short sword
 f - a +0 hunting sling
 o - a +0 flail (weapon)
Missiles
 h - 37 stones
 n - 20 sling bullets
 p - 14 poisoned darts (quivered)
Armour
 b - a +0 leather armour (worn)
 e - a +0 cloak (worn)
Magical Staves
 k - a staff of death
Jewellery
 m - an amulet of regeneration (around neck)
Scrolls
 g - 2 scrolls of amnesia
 i - a scroll of fog
 j - a scroll of fear {unknown}
 l - a scroll of teleportation
 q - a scroll of noise {unknown}


   Skills:
 + Level 4.5 Fighting
 - Level 1.8 Short Blades
 + Level 2.2 Maces & Flails
 + Level 4.7 Throwing
 - Level 1.5 Dodging
 - Level 0.7 Stealth


You had 5 spell levels left.
You didn't know any spells.
Your spell library was empty.

Dungeon Overview and Level Annotations

Branches:
Dungeon (4/15)
 Temple: D:4-7

Altars:
Gozag


Innate Abilities, Weirdness & Mutations

You are immune to poison.
Your flesh is cold resistant. (rC+)
You are immune to negative energy. (rN+++)
You are immune to unholy pain and torment.
You can survive without breathing.
You are vulnerable to heat. (rF-)
You do not drink.


Message History

The black bear is almost dead.
The black bear struggles against the net. x2
You hit the black bear but do no damage.
The black bear is almost dead.
The black bear struggles against the net.
The net rips apart, and the black bear comes free!
You closely miss the black bear.
The black bear is almost dead.
The black bear bites you but does no damage.
The black bear closely misses you. The black bear claws you.
The black bear bites you! The black bear closely misses you. x2
You hit the black bear but do no damage.
The black bear is almost dead.
The black bear barely misses you. The black bear closely misses you.
The black bear claws you. The black bear bites you!
* * * LOW HITPOINT WARNING * * *
The black bear closely misses you. The black bear barely misses you.
Throw: 14 darts (poison)
Press: ? - help, Q - select action, (/) - cycle Shift-Dir - straight line, f/p - black bear
Aim: a black bear (almost dead, berserk, poisoned, 69% to hit)
Okay, then.
Okay, then.
Unknown command.
The black bear bites you.
* * * LOW HITPOINT WARNING * * *
The black bear claws you.
* * * LOW HITPOINT WARNING * * *
The black bear closely misses you. The black bear bites you.
* * * LOW HITPOINT WARNING * * *
The black bear misses you. The black bear claws you.
* * * LOW HITPOINT WARNING * * *
Press: ? - help, v - describe, . - travel
Here: a black bear (almost dead, berserk, poisoned)
The floor.
The black bear rages.
The black bear bites you.
* * * LOW HITPOINT WARNING * * *
The black bear claws you.
You die...

########## #........#
#........# #........#
#........# ######........#
.............!# .
######........###########....
.).).)..........@h.....(.(>.(
..####.........#####.####...(
..# #.........## #.# . ..#
##..........# #.# ..#
#...........# #.# ..#
#...........# #.# ..#
#...####.#).## #.# ..# #...#
#.#...# #.# ### #...# #.#)#.#
#.#


You could see a black bear (berserk, poisoned).

Vanquished Creatures
  An ogre (D:4)
  2 scorpions (D:4)
  2 orc priests
  A hound (D:4)
  2 orc wizards
  4 adders
  3 dart slugs
  12 orcs
  4 ball pythons
  9 bats
  9 endoplasms
  2 giant cockroaches
  5 goblins
  4 hobgoblins
  3 kobolds
  2 quokkas
  A frilled lizard (D:3)
  5 rats
71 creatures vanquished.

Notes
Turn   | Place    | Note
-------+----------+-------------------------------------------
     0 | D:1      | sizableburger the Mummy Hunter began the quest for the Orb.
     0 | D:1      | Reached XP level 1. HP: 16/16 MP: 1/1
   340 | D:1      | Reached XP level 2. HP: 18/22 MP: 2/2
   992 | D:2      | Reached skill level 1 in Short Blades
  1085 | D:2      | Reached XP level 3. HP: 22/28 MP: 3/3
  2114 | D:3      | Reached XP level 4. HP: 35/35 MP: 4/4
  2256 | D:3      | Found an opulent altar of Gozag.
  2466 | D:3      | Reached XP level 5. HP: 41/41 MP: 5/5
  2841 | D:4      | Reached skill level 1 in Maces & Flails
  3001 | D:4      | Noticed a two-headed ogre
  3042 | D:4      | Noticed an ogre
  3060 | D:4      | Killed an ogre
  3061 | D:4      | Reached XP level 6. HP: 32/48 MP: 6/6
  3443 | D:4      | HP: 2/49 [black bear (6)]
  3443 | D:4      | Slain by a black bear

Illustrated notes

Levels and vault maps discovered:
D:1:      minmay_arrival_diagonal_passages, layout_loops_cross, serial_glass,
          glass_columns_a, glass_columns_c
D:2:      layout_rooms
D:3:      layout_loops_ring, lemuel_round_altar
D:4:      minmay_angry_zag, layout_basic, lemuel_coloured_pillars_altar

Skill      XL: |  1  2  3  4  5  6 |
---------------+-------------------+-----
Short Blades   | 1 |  1.8
Fighting       | 3 4 |  4.5
Throwing       | 4 |  4.7
Maces & Flails | 1 2 |  2.2
Dodging        | |  1.5
Stealth        | |  0.7

Action                   |  1- 3 |  4- 6 || total
-------------------------+-------+-------++-------
Melee: Short sword       |   134 |    33 ||   167
       Flail             |       |    15 ||    15
 Fire: Hunting sling     |     8 |    72 ||    80
Throw: Javelin           |    10 |    19 ||    29
       Throwing net      |       |     5 ||     5
       Dart              |       |     7 ||     7
  Use: Scroll            |       |     5 ||     5
 Stab: Sleeping          |     3 |       ||     3
       Held in net/web   |       |     1 ||     1
Armor: Leather armour    |    73 |    21 ||    94
Dodge: Dodged            |   106 |    67 ||   173

Table legend: (Time is in decaauts)
 A = Elapsed time spent in this place.
 B = Non-inter-level travel time spent in this place.
 C = Inter-level travel time spent in this place.
 D = Time resting spent in this place.
 E = Time spent auto-exploring this place.
 F = Levels seen in this place.
 G = Mean time per level.
                   A        B        C        D        E       F      G
               +--------+--------+--------+--------+--------+-----+--------+
         Total |   3463 |   3306 |    157 |    327 |   2206 |   4 |  865.8 |
       Dungeon |   3463 |   3306 |    157 |    327 |   2206 |   4 |  865.8 |
               +--------+--------+--------+--------+--------+-----+--------+

Top non-repeatable levels by time:
     D:1: 1060 daAuts
     D:2: 918 daAuts
     D:3: 791 daAuts
     D:4: 693 daAuts
